 Dungeon Crawl Stone Soup version 0.25.1-8-g42b30a86e7 (webtiles) character file.

Game seed: 13826259596307010858

18454 Qrupt the Spear-Bearer (level 12, -6/87 (89) HPs)
             Began as a Merfolk Gladiator on Dec 13, 2020.
             Was a High Priest of Makhleb.
             Mangled by a blink frog (15 damage)
             ... on level 3 of the Lair of Beasts on Dec 14, 2020.
             The game lasted 00:41:59 (18747 turns).

Qrupt the Spear-Bearer (Merfolk Gladiator)         Turns: 18747, Time: 00:42:02

HP:   -6/87 (89)    AC:  8    Str: 19    XL:     12   Next: 58%
MP:   28/28         EV: 17    Int: 10    God:    Makhleb [*****.]
Gold: 521           SH:  0    Dex: 15    Spells: 11/11 levels left

rFire    + + +     SeeInvis .   E - +2 bardiche
rCold    + + +     Gourm    .   (shield currently unavailable)
rNeg     . . .     Faith    .   I - +0 scale mail {rF+}
rPois    .         Spirit   .   t - +1 helmet
rElec    .         Reflect  .   i - scarf {rC+ rF+}
rCorr    .         Harm     .   (no gloves)
MR       .....                  (no boots)
Stlth    ..........             (no amulet)
HPRegen  0.24/turn              H - ring of magical power
MPRegen  0.21/turn              D - ring of protection from fire

@: confused, studying 2 skills
A: change form in water, swift swim, stealthy swim, clever 1, cold resistance 2,
frail 1
a: Minor Destruction, Lesser Servant of Makhleb, Major Destruction, Greater
Servant of Makhleb, Renounce Religion


You were on level 3 of the Lair of Beasts.
You worshipped Makhleb.
Makhleb was extremely pleased with you.
You were not hungry.

You visited 2 branches of the dungeon, and saw 12 of its levels.

You collected 577 gold pieces.
You spent 56 gold pieces at shops.

Inventory:

Hand Weapons
 a - a +0 trident
 E - a +2 bardiche (weapon)
Missiles
 d - 2 throwing nets (quivered)
 l - 4 curare-tipped darts
 O - 18 boomerangs
Armour
 g - a cursed +0 kite shield
 i - a scarf of resistance (worn)
 t - a +1 helmet (worn)
 I - a +0 scale mail of fire resistance (worn)
Jewellery
 D - a ring of protection from fire (right hand)
 H - a ring of magical power (left hand)
 L - an uncursed ring of ice
Wands
 b - a wand of polymorph (7)
 o - a wand of random effects (26)
 p - a wand of paralysis (11)
 r - a wand of enslavement (7)
 A - a wand of acid (4)
 B - a wand of clouds (1)
 J - a wand of disintegration (4)
 P - a wand of iceblast (6)
Scrolls
 e - 3 scrolls of magic mapping
 j - 4 scrolls of fog
 m - a scroll of silence
 n - 3 scrolls of immolation
 q - 3 scrolls of enchant armour
 u - 6 scrolls of teleportation
 x - a scroll of amnesia
 y - 4 scrolls of remove curse
 C - a scroll of fear {unknown}
Potions
 s - 2 potions of brilliance
 M - a potion of lignification
 N - a potion of stabbing
Books
 c - a manual of Fighting
 v - a manual of Throwing
Comestibles
 f - 17 rations


   Skills:
 + Level 10.6 Fighting
 + Level 13.6 Polearms
 + Level 11.8 Throwing
 + Level 1.0 Armour
 + Level 12.8 Dodging
 + Level 9.3 Invocations


You had 11 spell levels left.
You didn't know any spells.
Your spell library contained the following spells:

 Spells                   Type           Power        Failure   Level  Hunger
 Corona                   Hex            #......      75%         1    ##.....
 Sandblast                Erth           #.....       75%         1    ##.....
 Passwall                 Tmut/Erth      #.......     87%         2    ###....
 Slow                     Hex            #.......     87%         2    ###....
 Inner Flame              Hex/Fire       #.......     98%         3    ####...
 Portal Projectile        Hex/Tloc       #.....       98%         3    ####...
 Stone Arrow              Conj/Erth      #.....       98%         3    ####...
 Cause Fear               Hex            #.........   100%        4    #####..
 Leda's Liquefaction      Hex/Erth       #.........   100%        4    #####..
 Petrify                  Tmut/Erth      #.......     100%        4    #####..
 Lee's Rapid Deconstruct  Erth           #.........   100%        5    ######.


Dungeon Overview and Level Annotations

Branches:
Dungeon (9/15)             Temple (0/1) D:7            Lair (3/6) D:8
  Swamp (0/4) Lair:3          Orc (0/2) D:9
  Snake: Lair:2-4    Spider: Lair:2-4

Altars:
Ashenzari
Dithmenos
Fedhas
Gozag
Kikubaaqudgha
Makhleb
Nemelex Xobeh
Okawaru
Ru
Sif Muna
Trog
Xom
Zin

Shops:
D:6 *

Annotations:
D:3 exclusion: oklob plant
D:5 3 runed translucent doors, grovkorv's ghost, novice GnMo


Innate Abilities, Weirdness & Mutations

You revert to your normal form in water.
You are very nimble and swift while swimming.
You are very stealthy in the water. (Stealth+)
Your mind is acute. (Int +2)
Your flesh is very cold resistant. (rC++)
You are frail. (-10% HP)


Message History

The blink frog is engulfed in poison gas.
The blink frog looks even sicker.
The blink frog misses you.
The blink frog is engulfed in poison gas.
The blink frog looks even sicker.
The blink frog blinks!
The blink frog is engulfed in poison gas.
The blink frog looks even sicker.
You miss the blink frog.
The blink frog is lightly wounded.
The blink frog is engulfed in poison gas.
The blink frog looks as sick as possible!
The blink frog barely misses you.
The blink frog is engulfed in poison gas.
The blink frog looks as sick as possible!
The blink frog closely misses you.
The blink frog is engulfed in poison gas.
The blink frog looks as sick as possible!
The blink frog hits you!
* * * LOW HITPOINT WARNING * * *
The blink frog hits you!
You die...

.......F§§≈§§≈
.......≈§§§≈§
.....>.≈§≈§§
....§§§§≈≈≈
.§..§§§♣§≈ .
.)...§§§§♣ ...
......§FF♣♣...#
.......F@.....#
...............#
#.#.............
##...........#
#.###..###### ##
#.## ###


You could see 4 blink frogs.

Vanquished Creatures
  Fannar (Lair:1)
  Harold (Lair:2)
  A two-headed ogre (D:7)
  3 death yaks (D:8)
  An ugly thing (D:9)
  A black mamba (Lair:1)
  4 spiny frogs
  2 komodo dragons (Lair:1)
  7 polar bears
  2 hornets
  4 blink frogs (Lair:2)
  2 hippogriffs
  Sigmund (D:2)
  A wyvern (Lair:2)
  A hungry ghost (D:9)
  9 yaks
  Eustachio (D:6)
  Grum (Lair:1)
  An acid dragon (D:9)
  4 water moccasins
  11 porcupines
  A sky beast (D:9)
  An orc warrior (D:7)
  7 black bears (Lair:2)
  2 ice beasts
  A necrophage (D:9)
  2 ogres
  4 phantoms
  8 wolves
  A centaur (D:8)
  6 crocodiles
  A big kobold (D:7)
  Blork the orc (D:5)
  8 bullfrogs
  A gnoll sergeant (D:6)
  3 scorpions
  A wight (D:7)
  7 killer bees
  The ghost of Allula97 the Skirmisher, a weakling DsFi of Qazlal (D:3)
  A howler monkey (D:3)
  2 jellies
  4 crimson imps
  4 hounds
  5 orc wizards
  2 orc priests
  A bullfrog skeleton (D:9)
  2 iguanas
  Jessica (D:3)
  A hell rat (D:8)
  Natasha (thrice) (D:2)
  11 worker ants
  A killer bee zombie (D:9)
  2 hound zombies
  2 worker ant zombies (D:5)
  Robin (D:1)
  29 gnolls
  A howler monkey skeleton (D:6)
  13 adders
  2 river rats (D:8)
  2 shadow imps
  An adder skeleton (D:8)
  An adder zombie (D:8)
  6 worms
  A dart slug (D:1)
  5 leopard geckos
  21 orcs
  2 ball pythons
  8 giant cockroaches
  16 goblins
  16 hobgoblins
  2 jackals (D:9)
  16 kobolds
  7 quokkas
  3 bats
  5 frilled lizards
  2 jackal skeletons
  3 leopard gecko skeletons
  2 quokka skeletons
  5 rats
327 creatures vanquished.

Vanquished Creatures (others)
  2 fungi (Lair:1)
  3 plants
  A withered plant (D:3)
6 creatures vanquished.

Grand Total: 333 creatures vanquished

Notes
Turn   | Place    | Note
-------+----------+-------------------------------------------
     0 | D:1      | Qrupt the Merfolk Gladiator began the quest for the Orb.
     0 | D:1      | Reached XP level 1. HP: 16/16 MP: 1/1
   110 | D:1      | Reached XP level 2. HP: 23/23 MP: 2/2
   419 | D:1      | Reached XP level 3. HP: 28/28 MP: 3/3
   486 | D:1      | Reached skill level 5 in Polearms
   845 | D:2      | Noticed Robin
  1085 | D:1      | Killed Robin
  1223 | D:2      | Reached XP level 4. HP: 30/35 MP: 4/4
  1288 | D:2      | Noticed Sigmund
  1312 | D:2      | Killed Sigmund
  1312 | D:2      | Reached skill level 6 in Polearms
  1312 | D:2      | Reached skill level 5 in Dodging
  1312 | D:2      | Reached XP level 5. HP: 28/42 MP: 5/5
  1479 | D:2      | Reached XP level 6. HP: 48/48 MP: 6/6
  1903 | D:2      | Found a shimmering blue altar of Sif Muna.
  1996 | D:2      | Noticed Natasha
  2008 | D:2      | Killed Natasha
  2199 | D:2      | Found a sacrificial altar of Ru.
  2240 | D:2      | Noticed Natasha
  2252 | D:2      | Killed Natasha
  2275 | D:2      | Noticed Natasha
  2305 | D:2      | Killed Natasha
  2641 | D:3      | Reached skill level 7 in Polearms
  2641 | D:3      | Noticed Jessica
  2649 | D:3      | Killed Jessica
  2725 | D:3      | Found a faded altar of an unknown god.
  2868 | D:3      | Found a shimmering blue altar of Sif Muna.
  2916 | D:3      | Reached XP level 7. HP: 55/55 MP: 7/7
  2989 | D:3      | Found a runed translucent door.
  2989 | D:3      | Noticed Allula97's ghost (weakling DsFi)
  3013 | D:3      | Found a bloodstained altar of Trog.
  3019 | D:3      | Found a shattered altar of Ashenzari.
  3019 | D:3      | Found a burning altar of Makhleb.
  3019 | D:3      | Found a shadowy altar of Dithmenos.
  3025 | D:3      | Found a glowing silver altar of Zin.
  3029 | D:3      | Found an ancient bone altar of Kikubaaqudgha.
  3033 | D:3      | Became a worshipper of Makhleb the Destroyer
  3097 | D:3      | Found a blossoming altar of Fedhas.
  3118 | D:3      | Noticed an oklob plant
  3323 | D:3      | Gained mutation: Your flesh is cold resistant. (rC+)
                  | [potion of mutation]
  3323 | D:3      | Gained mutation: You are frail. (-10% HP) [potion of
                  | mutation]
  3323 | D:3      | Gained mutation: Your flesh is very cold resistant. (rC++)
                  | [potion of mutation]
  3323 | D:3      | Gained mutation: Your mind is acute. (Int +2) [potion of
                  | mutation]
  3331 | D:3      | Killed Allula97's ghost
  3331 | D:3      | Reached skill level 5 in Fighting
  3954 | D:4      | Found an opulent altar of Gozag.
  4262 | D:4      | Reached skill level 1 in Invocations
  4444 | D:4      | Reached skill level 8 in Polearms
  4639 | D:4      | Reached XP level 8. HP: 57/57 MP: 9/9
  4945 | D:5      | Entered Level 5 of the Dungeon
  5376 | D:5      | Noticed grovkorv's ghost (novice GnMo)
  5377 | D:5      | Found a runed translucent gate.
  5377 | D:5      | Found a runed translucent gate.
  5377 | D:5      | Found a runed translucent gate.
  5545 | D:5      | Found a sparkling altar of Nemelex Xobeh.
  5704 | D:5      | Found a bloodstained altar of Trog.
  5908 | D:5      | Reached * piety under Makhleb
  6829 | D:5      | Noticed Blork the orc
  6847 | D:5      | Killed Blork the orc
  6847 | D:5      | Reached skill level 9 in Polearms
  7529 | D:6      | Reached XP level 9. HP: 53/63 MP: 11/11
  7535 | D:6      | Reached skill level 5 in Throwing
  7559 | D:6      | Reached ** piety under Makhleb
  8200 | D:6      | Noticed Eustachio
  8213 | D:6      | Killed Eustachio
  8299 | D:6      | Found Qenah's Lightly-Used Armoury.
  8305 | D:6      | Bought a -1 bardiche for 56 gold pieces
  9269 | D:7      | Found a staircase to the Ecumenical Temple.
  9295 | D:7      | Reached skill level 10 in Polearms
  9914 | D:7      | Noticed a two-headed ogre
  9922 | D:7      | Killed a two-headed ogre
  9922 | D:7      | Reached skill level 5 in Invocations
  9922 | D:7      | Reached XP level 10. HP: 40/72 MP: 12/14
 10155 | D:7      | Found an iron altar of Okawaru.
 10456 | D:8      | Reached *** piety under Makhleb
 10457 | D:8      | Reached skill level 10 in Dodging
 10761 | D:8      | Noticed a death yak
 10818 | D:8      | Killed a death yak
 10818 | D:8      | Reached skill level 11 in Polearms
 10912 | D:8      | Noticed a death yak
 10923 | D:8      | Killed a death yak
 10925 | D:8      | Noticed a death yak
 10933 | D:8      | Killed a death yak
 10956 | D:8      | Found a staircase to the Lair.
 11468 | D:8      | Found a shimmering altar of Xom.
 12132 | Lair:1   | Entered Level 1 of the Lair of Beasts
 12174 | Lair:1   | Reached XP level 11. HP: 67/78 MP: 16/16
 12459 | Lair:1   | Reached skill level 12 in Polearms
 12519 | Lair:1   | You fall into a shaft and drop 1 floor!
 12529 | Lair:2   | Reached **** piety under Makhleb
 12581 | Lair:2   | HP: 1/80 [porcupine's spines (15)]
 13118 | Lair:1   | Noticed Fannar
 13138 | Lair:1   | Killed Fannar
 13138 | Lair:1   | Reached skill level 10 in Throwing
 14300 | Lair:1   | Noticed Grum
 14311 | Lair:1   | Killed Grum
 14977 | D:9      | Found a staircase to the Orcish Mines.
 15060 | D:9      | Noticed a green ugly thing
 15215 | D:9      | Killed a green ugly thing
 15215 | D:9      | Reached skill level 10 in Fighting
 15463 | D:9      | Reached skill level 13 in Polearms
 15465 | D:9      | Reached XP level 12. HP: 68/87 MP: 18/18
 17108 | Lair:2   | Noticed Harold
 17121 | Lair:2   | Killed Harold
 17130 | Lair:2   | Reached ***** piety under Makhleb
 18439 | Lair:3   | Noticed a seven-headed hydra
 18451 | Lair:2   | Reached skill level 1 in Armour
 18730 | Lair:3   | Noticed a five-headed hydra
 18733 | Lair:2   | Identified a scroll of acquirement
 18734 | Lair:2   | Acquired a manual of Fighting
 18743 | Lair:3   | Found a staircase to the Swamp.
 18747 | Lair:3   | Mangled by a blink frog

Illustrated notes

Levels and vault maps discovered:
D:1:      mrwooster_arrival_statue, layout_loops_ring, kennysheep_doodads
D:2:      layout_basic, lemuel_round_altar, old_standard_altar, uniq_robin,
          uniq_natasha, uniq_sigmund
D:3:      layout_rooms, tgw_fedhas, minitemple,
          chequers_ecumenical_altar_island, serial_rivers,
          chequers_serial_rivers_small_3, chequers_serial_rivers_room_b,
          chequers_serial_rivers_small_a, chequers_serial_rivers_micro_a,
          first_ration, gammafunk_ghost_grave, lemuel_blue_sif_altar,
          uniq_jessica
D:4:      kennysheep_spiral_hall, layout_cave_pools, grunt_gozag_statues,
          minmay_manual_monstrance
D:5:      layout_loops_corners, nicolae_overflow_crystal_walls,
          gammafunk_ghost_split, kennysheep_minor_cross, trog_hazing_becter,
          uniq_blork_the_orc
D:6:      layout_layer_cave, minmay_shop_damaged, uniq_eustachio
D:7:      layout_basic, okawaru_altar_gauntlet_db, minmay_temple_entry_statues,
          minmay_shattered_shrine
D:8:      layout_gridville, kennysheep_mini_moat, dpeg_lair_monsters
D:9:      layout_rooms, orc_0_dummy
Lair:1:   layout_loops_ring, uniq_fannar, uniq_grum
Lair:2:   beast_lair_carwin_large_4, layout_gridlike, serial_bayou_shore_b,
          uniq_harold
Lair:3:   layout_cave_pods, swamp_mist_pool, spider_nest_entry_funnel_web,
          grunt_megastairs_1, serial_bayou_shore_b

Skill      XL: |  1  2  3  4  5  6  7  8  9 10 11 12 |
---------------+-------------------------------------+-----
Polearms       | 5 6 7 8 9 10 11 13 | 13.6
Fighting       | 3 4 5 6 7 8 10 | 10.6
Dodging        | 5 6 7 8 9 10 12 | 12.8
Invocations    | 1 3 5 7 8 9 |  9.3
Throwing       | 4 7 9 10 11 | 11.8
Armour         | 1 |  1.0

Action                   |  1- 3 |  4- 6 |  7- 9 | 10-12 || total
-------------------------+-------+-------+-------+-------++-------
Melee: Trident           |    96 |   146 |   506 |       ||   748
       Bardiche          |       |       |    86 |   575 ||   661
Throw: Throwing net      |       |     1 |     2 |    16 ||    19
       Dart              |       |       |     7 |       ||     7
       Boomerang         |       |       |       |     9 ||     9
Evoke: Wand              |       |       |     1 |    10 ||    11
  Use: Scroll            |     1 |     1 |    12 |    14 ||    28
       Potion            |       |       |     5 |     5 ||    10
 Stab: Sleeping          |     2 |     1 |     1 |       ||     4
       Held in net/web   |       |     1 |     1 |    10 ||    12
       Distracted        |       |       |     1 |     1 ||     2
       Confused          |       |       |       |     1 ||     1
  Eat: Chunk             |     1 |     6 |    12 |    23 ||    42
       Ration            |       |       |     3 |     3 ||     6
Armor: Leather armour    |    21 |    14 |    72 |    80 ||   187
       Scale mail        |       |       |       |    34 ||    34
Dodge: Dodged            |    63 |    67 |   484 |   762 ||  1376
